 Dungeon Crawl Stone Soup version 0.15-a0-35-ga771cbd (webtiles) character file.

180 MackTheKnife the Sneak (level 4, 0/21 HPs)
             Began as a Spriggan Enchanter on Apr 2, 2014.
             Slain by a gnoll
             ... wielding a +0,+0 flail
              (11 damage)
             ... on Level 3 of the Dungeon.
             The game lasted 00:03:52 (1742 turns).

MackTheKnife the Sneak (Spriggan Enchanter)         Turns: 1742, Time: 00:03:52

HP   0/21        AC  3     Str  5      XL: 4   Next: 67%
MP   1/15        EV 18     Int 16      God:
Gold 66          SH  0     Dex 16      Spells:  2 memorised,  6 levels left

rFire  . . .     SeeInvis +     a - +1 dagger
rCold  . . .     Clarity  .     k - +0 robe (curse)
rNeg   . . .     Conserve .     (shield restricted)
rPois  .         rCorr    .     j - +1 hat
rElec  .         rRot     .     (no cloak)
SustAb . .       Spirit   .     (gloves unavailable)
rMut   .         Warding  .     (boots unavailable)
Saprov . . .     Stasis   .     (no amulet)
MR     .....                    (no ring)
                                (no ring)

@: very slightly contaminated, very quick, not resistant to hostile
enchantments, quite stealthy
A: unfitting armour, see invisible, herbivore 3, speed 3, slow metabolism 2
a: no special abilities


You were on level 3 of the Dungeon.
You were not hungry.

You visited 1 branch of the dungeon, and saw 3 of its levels.

You collected 66 gold pieces.


Innate Abilities, Weirdness & Mutations

You are tiny and cannot use many weapons and most armour.
You have supernaturally acute eyesight.
You are a herbivore.
You cover ground extremely quickly.
You need consume almost no food.


   Skills:
 - Level 1.1 Short Blades
 - Level 1.1 Throwing
 - Level 3.0 Dodging
 + Level 5.2 Stealth
 + Level 4.3 Spellcasting
 + Level 4.5 Hexes


You had 6 spell levels left.
You knew the following spells:

 Your Spells              Type           Power        Failure   Level  Hunger
x - Confuse               Hex            ###.....     10%         3    ###....
z - Ensorcelled Hibernat  Hex/Ice        ##....       12%         2    ##.....

Inventory:

Hand weapons
 a - a +1,+1 dagger (weapon)
Missiles
 d - 12 darts (quivered)
Armour
 b - a +1 robe
 j - a +1 hat (worn)
 k - a cursed +0 robe (worn)
Comestibles
 i - an apple
Scrolls
 g - 4 scrolls of blinking
Jewellery
 m - a +5 ring of dexterity {unknown}
Potions
 e - a potion of porridge
 f - a potion of haste {unknown}
 h - 2 potions of resistance {unknown}
Books
 c - a book of Maledictions

   Spells                             Type                      Level
   Corona                             Hexes                        1
   Sure Blade                         Hexes/Charms                 2
   *Ensorcelled Hibernation           Hexes/Ice                    2
   *Confuse                           Hexes                        3
   Enslavement                        Hexes                        4
   Invisibility                       Hexes                        6

▒▒▒▒▒▒ ▒▒▒▒▒▒▒▒▒▒▒▒
▒▒▒····· ▒··········▒
▒▒·······
▒··········▒▒▒<·▒·····
+··········'···▒▒·····
▒··········▒▒▒▒▒▒·····
▒▒▒▒▒i▒▒▒▒▒▒ ▒▒▒▒▒▒
▒·g▒▒▒ ▒▒g··▒ ▒▒▒%▒
··· ···▒ ···▒ ···▒
···▒


You could see 2 gnolls.


Message History

You annihilate the gnoll!!!
You perforate the gnoll but do no damage!
Aiming: Ensorcelled Hibernation
Aim: a gnoll, wielding a whip (moderately wounded)
The gnoll resists with significant effort!
You carve the gnoll but do no damage!
The gnoll is moderately wounded!
The gnoll unwields an uncursed whip!
The gnoll drops an uncursed whip!
The gnoll picks up a flail!
The gnoll wields a flail!
You open the gnoll but do no damage!
The gnoll is moderately wounded!
You closely miss the gnoll!
The gnoll is moderately wounded!
The gnoll misses you! The adder misses you!
There is an open door here!
Aiming: Ensorcelled Hibernation
Aim: a gnoll, wielding a flail (moderately wounded)
The adder looks drowsy!!!
The gnoll picks up an uncursed whip!
The gnoll wields an uncursed whip!
The helpless adder fails to defend itself!
You cut the adder into ribbons!!!!!!
You annihilate the adder!!!
You slice the gnoll like a ripe choko!
The gnoll is moderately wounded!
The gnoll hits you with a flail!!!
You perforate the gnoll like a sieve!
The gnoll is heavily wounded!
The gnoll hits you with a flail!!!
Ouch!!!
That really hurt!!!
You die!!!

Action                   |  1- 3 |  4- 6 || total
-------------------------+-------+-------++-------
Melee: Dagger            |   115 |    35 ||   150
 Cast: Corona            |     1 |       ||     1
       Ensorcelled Hiber |    14 |     8 ||    22
       Confuse           |       |     1 ||     1
  Use: Scroll            |     8 |       ||     8
 Stab: Sleeping          |     9 |     3 ||    12
       Confused          |       |     1 ||     1

Vault maps used:
D:1:      sevenhm_arrival_forest_fort_large_2, fountainhead,
          minmay_misc_feat_tower
D:2:      uniq_terence
D:3:      trog_eyes_of_draining, grunt_dithmenos_smoke_and_mirrors

Notes
Turn   | Place    | Note
--------------------------------------------------------------
     0 | D:1      | MackTheKnife, the Spriggan Enchanter, began the quest for the Orb.
     0 | D:1      | Reached XP level 1. HP: 9/9 MP: 4/4
   436 | D:1      | Reached skill level 3 in Spellcasting
   457 | D:1      | Reached XP level 2. HP: 10/13 MP: 8/8
   461 | D:1      | Learned a level 2 spell: Ensorcelled Hibernation
   917 | D:2      | Reached skill level 4 in Stealth
   917 | D:2      | Reached XP level 3. HP: 16/16 MP: 5/11
  1013 | D:2      | Learned a level 3 spell: Confuse
  1077 | D:2      | Noticed Terence
  1101 | D:2      | Killed Terence
  1101 | D:2      | Reached skill level 4 in Hexes
  1214 | D:2      | Reached XP level 4. HP: 7/21 MP: 3/14
  1449 | D:2      | Reached skill level 4 in Spellcasting
  1629 | D:2      | Reached skill level 5 in Stealth
  1742 | D:3      | Slain by a gnoll

Vanquished Creatures
  Terence (D:2)
  2 gnolls (D:3)
  4 adders
  A worm (D:2)
  An ooze (D:2)
  5 bats
  6 goblins
  5 hobgoblins
  A ball python (D:1)
  A giant cockroach (D:1)
  2 giant newts
  3 jackals (D:2)
  3 kobolds (D:1)
  7 rats
42 creatures vanquished.
